 Dungeon Crawl Stone Soup version 0.30-a0-122-g2a1322497e (webtiles) character file.

Game seed: 14614749823657755652

796 Dreamer the Sneak (level 7, -5/43 HPs)
             Began as an Octopode Transmuter on Sept 15, 2022.
             Slain by an ice beast (7 damage)
             ... on level 7 of the Dungeon.
             The game lasted 00:25:51 (7370 turns).

Dreamer the Sneak (Octopode Transmuter)             Turns: 7370, Time: 00:25:51

Health: -5/43      AC:  1    Str: 11    XL:     7   Next: 89%
Magic:  13/13      EV: 13    Int: 15    God:
Gold:   244        SH:  0    Dex: 13    Spells: 5/15 levels left

rFire   . . .      SeeInvis .    g - +1 dagger (venom)
rCold   + . .      Faith    .    (no shield)
rNeg    . . .      Spirit   .    (helmet restricted)
rPois   .          Reflect  .    (no amulet)
rElec   .          Harm     .    s - +4 ring of slaying
rCorr   .          Rampage  .    n - ring of protection from cold
Will    .....                    (no ring)
Stlth   ++++......               (no ring)
HPRegen 0.14/turn                (no ring)
MPRegen 0.13/turn                (no ring)
                                 (no ring)
                                 (no ring)

@: no status effects
A: almost no armour, amphibious, 8 rings, camouflage 1, gelatinous body 1,
(nimble swimmer 1), tentacles
a: no special abilities


You were on level 7 of the Dungeon.
You visited 1 branch of the dungeon, and saw 8 of its levels.

You collected 421 gold pieces.
You spent 177 gold pieces at shops.

Inventory:

Hand Weapons
 g - a +1 dagger of venom (weapon)
Armour
 C - a +0 buckler
Magical Staves
 w - a staff of cold
Jewellery
 i - an amulet of faith
 n - a ring of protection from cold (right tentacle)
 s - a +4 ring of slaying (left tentacle)
 E - an amulet of reflection
Wands
 p - a wand of paralysis (8)
 y - a wand of digging (4)
Scrolls
 b - a scroll of noise {unknown}
 c - 2 scrolls of teleportation
 e - 3 scrolls of poison {unknown}
 j - a scroll of immolation {unknown}
 l - 2 scrolls of fog {unknown}
 m - a scroll of silence {unknown}
 q - a scroll of vulnerability {unknown}
 t - a scroll of acquirement
 x - a scroll of fear {unknown}
 A - a scroll of enchant armour {unknown}
Potions
 a - 2 potions of lignification
 d - 2 potions of magic
 f - a potion of haste
 h - a potion of flight
 k - a potion of cancellation
 o - 2 potions of attraction
 r - a potion of resistance {unknown}
 u - a potion of heal wounds {unknown}
 v - a potion of degeneration {unknown}
 z - 5 potions of curing
 B - 2 potions of brilliance {unknown}
 D - a potion of berserk rage {unknown}


   Skills:
 - Level 1.0 Fighting
 - Level 2.0 Dodging
 + Level 5.3 Stealth
 + Level 1.7 Shields
 - Level 4.2 Unarmed Combat
 * Level 4.6 Spellcasting
 * Level 5.0 Transmutations


You had 5 spell levels left.
You knew the following spells:

 Your Spells              Type           Power      Damage    Failure   Level
a - Beastly Appendage     Tmut           36%        N/A       2%          1
b - Passwall              Tmut/Erth      9%         N/A       9%          2
c - Spider Form           Tmut/Pois      11%        N/A       19%         3
d - Ice Form              Ice/Tmut       11%        N/A       52%         4

Your spell library contained the following spells:

 Spells                   Type           Power      Damage    Failure   Level
 Wereblood                Tmut           18%        N/A       3%          2
 Ensorcelled Hibernation  Hex/Ice        6%         N/A       26%         2
 Swiftness                Air            3%         N/A       45%         3


Dungeon Overview and Level Annotations

Branches:
Dungeon (8/15)             Temple (0/1) D:7
   Lair: D:8-11

Altars:
Zin
The Shining One

Shops:
D:2 ?   D:5 [

Annotations:
D:5 exclusions: black bear and phantom, Prince Ribbit
D:6 1 runed translucent door, exclusions: door, orc and 2 orc priests, Crazy Yiuf


Innate Abilities, Weirdness & Mutations

You cannot wear most types of armour.
You are amphibious.
You can wear up to eight rings at the same time.
Your skin changes colour to match your surroundings (Stealth+).
Your rubbery body absorbs attacks. (AC +1, EV +1)
((You are camouflaged when in or above water. (Stealth+)))
You have tentacles for arms and can constrict up to eight enemies at once.


Message History

You hit the howler monkey.
You kill the howler monkey!
The howler monkey barely misses you.
The howler monkey hoots and howls with incredible vigour!
Your Transmutations skill increases to level 5!
You puncture the howler monkey!
The howler monkey looks as sick as possible!
Your grab misses the howler monkey. Your squeeze misses the howler monkey.
The howler monkey is heavily wounded.
You hear the slow hiss of a very distant avalanche of sand.
The howler monkey hits you.
You hit the howler monkey.
You kill the howler monkey!
The ice beast attacks as you move away! The ice beast hits you.
The ice beast freezes you! You resist.
There is a stone staircase leading down here.
The ice beast barely misses you.
You climb downwards.
Found a ring mail.
Found an escape hatch in the floor and an escape hatch in the ceiling.
Found a stone staircase leading up.
There is a stone staircase leading up here.
The ice beast hits you but does no damage.
The ice beast barely misses you.
You climb upwards.
You hear the hiss of flowing sand.
There is an entrance to an ossuary on this level.
Hurry and find it before the portal is buried!
There is a stone staircase leading down here.
The ice beast hits you. The ice beast freezes you! You resist.
The ice beast barely misses you. The ice beast attacks as you move away!
The ice beast closely misses you.
There is an open door here.
The ice beast attacks as you move away! The ice beast hits you.
* * * LOW HITPOINT WARNING * * *
The ice beast freezes you. You resist.
* * * LOW HITPOINT WARNING * * *
The ice beast attacks as you move away! The ice beast hits you.
* * * LOW HITPOINT WARNING * * *
The ice beast freezes you! You resist.
You die...

#......... #.........
##########.........
.......#...##.....†#####..
.......+....#.....†'...# .
#.....#....#>.....#...#
#.....#....#......#...#
#.....#....'......#+###
#....[#.@YY#.........
+.....#'####..........
#............##+##.....
#............# #.....h
##+###.......# #......h
#.......# #!......
#.......# #.......#
#.......##


You could see 2 ice beasts.

Vanquished Creatures
  A necrophage (D:7)
  A bullfrog (D:6)
  A scorpion (D:5)
  3 howler monkeys (D:7)
  3 jellies
  2 orc priests
  5 iguanas
  2 orc wizards (D:4)
  5 adders
  A white imp (D:3)
  3 worms
  2 dart slugs (D:2)
  9 orcs
  16 endoplasms
  3 giant cockroaches
  10 hobgoblins
  11 jackals
  A quokka (D:1)
  10 ball pythons
  4 bats
  7 frilled lizards
  9 goblins
  7 kobolds
  9 rats
125 creatures vanquished.

Notes
Turn   | Place    | Note
-------+----------+-------------------------------------------
     0 | D:1      | Dreamer the Octopode Transmuter began the quest for the
                  | Orb.
     0 | D:1      | Reached XP level 1. HP: 13/13 MP: 3/3
   131 | D:1      | Reached skill level 1 in Stealth
   133 | D:1      | Reached XP level 2. HP: 15/18 MP: 5/5
   359 | D:1      | Reached XP level 3. HP: 5/23 MP: 6/6
   806 | D:1      | Found a faded altar of an unknown god.
  1207 | D:2      | Found Coaddol's Magic Scroll Emporium.
  1457 | D:2      | Bought a scroll of identify for 24 gold pieces
  1457 | D:2      | Bought a scroll of teleportation for 36 gold pieces
  1594 | D:2      | Reached XP level 4. HP: 24/28 MP: 7/7
  2638 | D:3      | Reached XP level 5. HP: 33/33 MP: 8/8
  2914 | D:3      | Identified a scroll of acquirement
  3058 | D:3      | Found a glowing golden altar of the Shining One.
  3658 | D:4      | Reached XP level 6. HP: 38/38 MP: 10/10
  3706 | D:4      | Learned a level 2 spell: Passwall
  3711 | D:4      | Learned a level 3 spell: Spider Form
  4324 | D:5      | Entered Level 5 of the Dungeon
  4324 | D:5      | Noticed Prince Ribbit
  5266 | D:5      | Noticed an ice beast
  5474 | D:5      | Found Musmoase's Antique Armour Shop.
  5483 | D:5      | Bought a buckler for 117 gold pieces
  5624 | D:5      | Learned a level 4 spell: Ice Form
  5971 | D:5      | Noticed a black bear
  5989 | D:5      | Reached XP level 7. HP: 37/43 MP: 12/12
  6039 | D:6      | Found a runed translucent door.
  6040 | D:6      | Noticed Crazy Yiuf
  6356 | D:6      | Reached skill level 1 in Shields
  6488 | D:6      | Found a glowing silver altar of Zin.
  6908 | D:6      | HP: 1/43 [orc priest/divine providence (12)]
  6909 | D:6      | Reached skill level 5 in Stealth
  7299 | D:7      | Found a staircase to the Ecumenical Temple.
  7355 | D:7      | Reached skill level 5 in Transmutations
  7370 | D:7      | HP: 2/43 [ice beast (4)]
  7370 | D:7      | Slain by an ice beast

Illustrated notes

Levels and vault maps discovered:
D:1:      dpeg_arrival_rhombus, layout_basic, ebering_ecumenical_altar_rust,
          due_unseen_surprise
D:2:      layout_loops_ring, serial_shops,
          nicolae_shop_temple_entry_statues_fountains, minmay_pentomino_s4
D:3:      layout_loops_ring, tso_altar, lightli_corner_chamber
D:4:      layout_rooms
D:5:      layout_cave_pods, serial_shops, nicolae_shop_crystal,
          uniq_prince_ribbit1
D:6:      layout_loops_corners, mainiacjoe_overflow_alcove_4,
          uniq_crazy_yiuf_cottage
D:7:      kennysheep_housing_project, layout_gridville, temple_doors_e,
          enter_ossuary_4, serial_shops, shop, the_hattery
D:8:      layout_basic, nicolae_kikubaaqudgha_miasma_corner, uniq_maurice

Skill      XL: |  1  2  3  4  5  6  7 |
---------------+----------------------+-----
Stealth        | 1 2 3 4 5 |  5.3
Unarmed Combat | 4 |  4.2
Transmutations | 3 4 5 |  5.0
Spellcasting   | 3 4 |  4.6
Shields        | 1 |  1.7
Fighting       | |  1.0
Dodging        | |  2.0

Action                   |  1- 3 |  4- 6 |  7- 9 || total
-------------------------+-------+-------+-------++-------
Melee: Unarmed           |    91 |       |       ||    91
       Constrict         |    24 |    31 |     4 ||    59
       Tentacles         |    21 |    23 |     5 ||    49
       Kick              |     8 |       |       ||     8
       Dagger            |     6 |   103 |    23 ||   132
       Punch             |     4 |     6 |     1 ||    11
       Hand axe          |       |    12 |       ||    12
 Cast: Beastly Appendage |     4 |     1 |       ||     5
       Passwall          |       |     2 |       ||     2
Evoke: Wand              |       |     1 |       ||     1
  Use: Scroll            |     1 |     6 |     1 ||     8
 Stab: Sleeping          |     4 |    14 |     5 ||    23
       Distracted        |     1 |     1 |       ||     2
Armor: Skin              |     4 |     9 |     1 ||    14
Dodge: Dodged            |    42 |    54 |    16 ||   112

Table legend: (Time is in decaauts)
 A = Elapsed time spent in this place.
 B = Non-inter-level travel time spent in this place.
 C = Inter-level travel time spent in this place.
 D = Time resting spent in this place.
 E = Time spent auto-exploring this place.
 F = Levels seen in this place.
 G = Mean time per level.
                   A        B        C        D        E       F      G
               +--------+--------+--------+--------+--------+-----+--------+
         Total |   7368 |   7066 |    302 |   1939 |   3335 |   8 |  921.0 |
       Dungeon |   7368 |   7066 |    302 |   1939 |   3335 |   8 |  921.0 |
               +--------+--------+--------+--------+--------+-----+--------+

Top non-repeatable levels by time:
     D:4: 1647 daAuts
     D:1: 1472 daAuts
     D:6: 1221 daAuts
     D:3: 1134 daAuts
     D:2: 906 daAuts
     D:5: 870 daAuts
     D:7: 114 daAuts
     D:8: 1 daAuts
